 Dungeon Crawl Stone Soup version 0.27.1-3-gb3d3a73c9e (webtiles) character file.

Game seed: 7459668104155669460

51 earthworldpsion the Chopper (level 3, -1/49 HPs)
             Began as a Minotaur Berserker on Oct 20, 2021.
             Was a Believer of Trog.
             Killed from afar by Natasha (8 damage)
             ... with a magic dart
             ... on level 2 of the Dungeon.
             The game lasted 00:03:45 (2040 turns).

earthworldpsion the Chopper (Minotaur Berserker)    Turns: 2040, Time: 00:03:45

Health: -1/49      AC:  9    Str: 22    XL:     3   Next: 57%
Magic:  2/2        EV:  7    Int:  4    God:    Trog [**....]
Gold:   60         SH:  4    Dex:  9    Spells: 2/2 levels left

rFire    + . .     SeeInvis .   a - +0 hand axe
rCold    x . .     Faith    .   p - +2 buckler
rNeg     . . .     Spirit   .   n - +0 chain mail
rPois    .         Reflect  .   (helmet restricted)
rElec    .         Harm     .   (no cloak)
rCorr    .         Rampage  .   (no gloves)
Will     .....                  (no boots)
Stlth    ..........             (no amulet)
HPRegen  0.16/turn              f - ring of fire
MPRegen  0.08/turn              (no ring)

@: berserking, flying, very quick
A: horns 2, retaliatory headbutt
a: Renounce Religion, Berserk, Trog's Hand


You were on level 2 of the Dungeon.
You worshipped Trog.
Trog was pleased with you.
You visited 1 branch of the dungeon, and saw 3 of its levels.

You collected 60 gold pieces.

Inventory:

Hand Weapons
 a - a +0 hand axe (weapon)
Armour
 b - a +0 animal skin
 m - a +0 ring mail
 n - a +0 chain mail (worn)
 p - a +2 buckler (worn)
Jewellery
 f - a ring of fire (left hand)
Scrolls
 c - a scroll of holy word {unknown}
 d - a scroll of identify {unknown}
 g - 2 scrolls of teleportation {unknown}
 k - a scroll of vulnerability {unknown}
 l - a scroll of fog {unknown}
 o - a scroll of summoning {unknown}
Potions
 h - a potion of brilliance {unknown}
 i - a potion of curing {unknown}
 j - a potion of heal wounds {unknown}


   Skills:
 + Level 4.1 Fighting
 + Level 4.2 Axes
 + Level 3.2 Armour
 + Level 2.9 Dodging


You had 2 spell levels left.
You didn't know any spells.
Your spell library was empty.

Dungeon Overview and Level Annotations

Branches:
Dungeon (3/15)

Altars:

Annotations:
D:2 Natasha


Innate Abilities, Weirdness & Mutations

You have a pair of horns on your head.
You reflexively headbutt those who attack you in melee.


Message History

You hit the hobgoblin.
The hobgoblin is severely wounded.
You miss the quokka. You hit Natasha.
The quokka bites you but does no damage.
Natasha claws you!
* * * LOW HITPOINT WARNING * * *
The hobgoblin hits you but does no damage.
The quokka barely misses you.
It was a potion of flight.
You feel very buoyant.
You fly up into the air.
Natasha claws you but does no damage.
The hobgoblin hits you but does no damage.
You block the quokka's attack.
You completely miss the hobgoblin.
The hobgoblin is severely wounded.
You hit Natasha. You completely miss the quokka. You block Natasha's attack.
The hobgoblin hits you but does no damage.
The quokka bites you but does no damage.
Natasha claws you but does no damage.
You closely miss the hobgoblin. You headbutt the hobgoblin.
You kill the hobgoblin!
Trog accepts your kill.
You hit Natasha. You barely miss the quokka. You block the quokka's attack.
Natasha completely misses you. The quokka barely misses you.
You hit Natasha but do no damage. Your headbutt misses Natasha.
Natasha is severely wounded.
You hit the quokka. You block the quokka's attack.
Natasha stares at you and mumbles some strange words.
The magic dart hits you.
* * * LOW HITPOINT WARNING * * *
You hit Natasha.
Natasha is severely wounded.
You closely miss the quokka. The quokka closely misses you.
Natasha claws you but does no damage.
A red film seems to cover your vision as you go berserk!
You feel yourself moving faster!
You feel mighty!
The quokka bites you but does no damage.
Natasha casts a spell at you. The magic dart hits you!
You die...

########### #.# #.........# #.#
#.........# #.# #.........#
#.############ #.........#
#.......(.....
#######........[################.
#....##............[.............
#....##........r################.
................@..............#.
#....##.###.##...h...........#.#.
#######.# #.##.#############.#.#.
.# #.# #.##.# #.#.## .## #.#
#.##.# #.#.# ..#####.###.##.#
#.#.## ..>.......#.##.# #....)
#..####.#.#.##.###############.##
##.# ##.#.#.##.................#


You could see Natasha and a quokka.

Vanquished Creatures
  A dart slug (D:1)
  5 endoplasms
  4 giant cockroaches (D:1)
  2 goblins (D:1)
  10 hobgoblins
  3 jackals (D:1)
  6 kobolds
  3 quokkas
  2 ball pythons
  2 bats
  2 frilled lizards
40 creatures vanquished.

Notes
Turn   | Place    | Note
-------+----------+-------------------------------------------
     0 | D:1      | earthworldpsion the Minotaur Berserker began the quest for
                  | the Orb.
     0 | D:1      | Reached XP level 1. HP: 19/19 MP: 0/0
   127 | D:1      | Reached XP level 2. HP: 25/26 MP: 1/1
   429 | D:1      | Reached ** piety under Trog
   435 | D:1      | Reached XP level 3. HP: 11/32 MP: 2/2
  2023 | D:3      | Noticed Natasha
  2040 | D:2      | Killed from afar by Natasha

Illustrated notes

Levels and vault maps discovered:
D:1:      sevenhm_arrival_forest_fort_large_2, layout_loops_ring
D:2:      layout_basic, minmay_quadrilaterals
D:3:      layout_basic, uniq_natasha

Skill      XL: |  1  2 |
---------------+-------+-----
Axes           | 4 |  4.2
Fighting       | 4 |  4.1
Armour         | 3 |  3.2
Dodging        | |  2.9

Action                   || total
-------------------------++-------
Melee: Hand axe          ||    71
       Headbutt          ||    10
Invok: Berserk           ||     1
  Use: Potion            ||     1
Armor: Animal skin       ||    10
       Chain mail        ||    19
Dodge: Dodged            ||    34
Block: Buckler           ||     5
